 Dungeon Crawl Stone Soup version 0.27-a0-1359-ga2a4dfd6fd (webtiles) character file.

Game seed: 15637820534429732395

179 senseless the Ducker (level 5, 0/42 (47) HPs)
             Began as a Gnoll Monk on June 28, 2021.
             Was an Elder of Jiyva.
             Slain by Edmund (1 damage)
             ... on level 4 of the Dungeon.
             The game lasted 00:09:12 (3649 turns).

senseless the Ducker (Gnoll Monk)                   Turns: 3649, Time: 00:09:13

HP:   0/42 (47)     AC:  2    Str: 10    XL:     5   Next: 59%
MP:   7/7           EV: 15    Int: 11    God:    Jiyva [****..]
Gold: 50            SH:  0    Dex: 16    Spells: 6/7 levels left

rFire    . . .     SeeInvis .   a - +0 hand axe
rCold    . . .     Faith    .   (no shield)
rNeg     . . .     Spirit   .   b - +0 robe
rPois    .         Reflect  .   (no helmet)
rElec    .         Harm     .   (no cloak)
rCorr    +         Rampage  .   (no gloves)
Will     .....                  (no boots)
Stlth    +++.......             c - amulet of magic regeneration
HPRegen  0.14/turn              (no ring)
MPRegen  0.35/turn              (no ring)

@: heavily drained
A: fangs 1, strong nose, distributed training, clever 1
a: Renounce Religion, Request Jelly, Slimify


You were on level 4 of the Dungeon.
You worshipped Jiyva.
Jiyva was greatly pleased with you.
You visited 1 branch of the dungeon, and saw 5 of its levels.

You collected 50 gold pieces.

Inventory:

Hand Weapons
 a - a +0 hand axe (weapon)
Missiles
 f - 6 silver boomerangs (quivered)
 h - 2 javelins
Armour
 b - a +0 robe (worn)
Jewellery
 c - an amulet of magic regeneration (around neck)
 i - a ring of resist corrosion
Scrolls
 d - a scroll of immolation {unknown}
 e - a scroll of amnesia {unknown}
 g - a scroll of identify {unknown}


   Skills:
 + Level 6.7 Fighting
 + Level 1.5 Short Blades
 + Level 1.5 Long Blades
 + Level 6.7 Axes
 + Level 1.5 Maces & Flails
 + Level 1.5 Polearms
 + Level 1.5 Staves
 + Level 1.5 Slings
 + Level 1.5 Bows
 + Level 1.5 Crossbows
 + Level 1.5 Throwing
 + Level 1.5 Armour
 + Level 6.7 Dodging
 + Level 4.4 Stealth
 + Level 1.5 Shields
 + Level 1.5 Unarmed Combat
 + Level 1.5 Spellcasting
 + Level 1.2 Conjurations
 + Level 1.2 Hexes
 + Level 1.2 Summonings
 + Level 1.2 Necromancy
 + Level 1.2 Translocations
 + Level 1.2 Transmutations
 + Level 1.2 Fire Magic
 + Level 1.2 Ice Magic
 + Level 1.2 Air Magic
 + Level 1.2 Earth Magic
 + Level 1.2 Poison Magic
 + Level 1.7 Invocations
 + Level 1.5 Evocations


You had 6 spell levels left.
You knew the following spells:

 Your Spells              Type           Power      Damage    Failure   Level
a - Beastly Appendage     Tmut           6%         N/A       19%         1

Your spell library contained the following spells:

 Spells                   Type           Power      Damage    Failure   Level
 Wereblood                Tmut           3%         N/A       28%         2
 Spider Form              Tmut/Pois      1%         N/A       50%         3
 Ice Form                 Ice/Tmut       3%         N/A       88%         4


Dungeon Overview and Level Annotations

Branches:
Dungeon (5/15)
 Temple: D:4-7

Altars:
Fedhas
Jiyva

Shops:
D:2 ?

Annotations:
D:4 Edmund, Pikel, Sigmund


Innate Abilities, Weirdness & Mutations

You have very sharp teeth.
Your uncanny sense of smell can sniff out nearby items.
Your experience applies equally to all skills.
Your mind is acute. (Int +2)


Message History

The necrophage barely misses you.
You completely miss the necrophage.
The necrophage is almost destroyed.
The necrophage hits you.
You barely miss the necrophage.
The necrophage is almost destroyed.
You hit the necrophage.
You destroy the necrophage!
You have reached level 5!
You are too injured to fight recklessly!
Throw: 6 boomerangs (silver)
Press: ? - help, Q - select action, (/) - cycle Shift-Dir - straight line, f - necrophage
Aim: a necrophage (63% to hit)
You throw a silver boomerang.
The silver boomerang hits the necrophage.
The necrophage is lightly damaged.
The necrophage closely misses you.
You hit the necrophage.
The necrophage is lightly damaged.
The necrophage closely misses you.
You hit the necrophage but do no damage.
The necrophage is lightly damaged.
The necrophage hits you.
* * * LOW HITPOINT WARNING * * *
You feel drained.
You closely miss the necrophage.
The necrophage is lightly damaged.
The necrophage hits you!
* * * LOW HITPOINT WARNING * * *
You feel drained.
* * * LOW HITPOINT WARNING * * *
You hear a distant slurping noise.
Jiyva appreciates your sacrifice.
There is a stone staircase leading up here.
You climb upwards.
Level annotation: Edmund, Pikel, Sigmund Edmund hits you with a +3 flail of draining.
* * * LOW HITPOINT WARNING * * *
You feel drained.
You die...

#...h...Z# #.#####.##
#....Z#.#.##.# #.#
#.......##.#.# ##.#
#.....#.###..####..##
#.......5..o....<..##
###.#.#.###..####.###
#...#.##.#.###...##
#.@...#.##......5..
#.@#........##...##
#....5#####.###.###
#.###.# .# #.# # ..
..# .# #.# # ### .#
..# # .. ## # #
####### ....@..


You could see Edmund, a lemure and an adder skeleton (wandering).

Vanquished Creatures
  A necrophage (D:5)
  A hound (D:5)
  An adder (D:2)
  An ufetubus (D:5)
  3 dart slugs
  4 orcs (D:3)
  2 bats (D:3)
  2 giant cockroaches
  2 goblins
  2 hobgoblins
  4 kobolds
  3 ball pythons
  A frilled lizard (D:2)
  A rat (D:2)
28 creatures vanquished.

Vanquished Creatures (others)
  4 jellies
  An orc priest (D:3)
  A gnoll shaman (D:5)
  Natasha (thrice) (D:2)
  A gnoll (D:5)
  2 dart slugs
  An endoplasm (D:4)
  4 goblins
  3 hobgoblins
  A kobold (D:3)
  2 bats (D:3)
  2 rats (D:3)
25 creatures vanquished.

Grand Total: 53 creatures vanquished

Notes
Turn   | Place    | Note
-------+----------+-------------------------------------------
     0 | D:1      | senseless the Gnoll Monk began the quest for the Orb.
     0 | D:1      | Reached XP level 1. HP: 23/23 MP: 1/1
   120 | D:1      | Found a faded altar of an unknown god.
   138 | D:1      | Became a worshipper of Jiyva Jycimaus the Shapeless
   138 | D:1      | Reached * piety under Jiyva
   138 | D:1      | Reached ** piety under Jiyva
   153 | D:1      | Reached *** piety under Jiyva
   524 | D:1      | Reached XP level 2. HP: 29/29 MP: 2/2
   528 | D:1      | Learned a level 1 spell: Beastly Appendage
   958 | D:2      | Found Zelais's Magic Scroll Shop.
  1030 | D:2      | Killed Natasha
  1351 | D:2      | Killed Natasha
  1387 | D:2      | Killed Natasha
  1433 | D:2      | Reached XP level 3. HP: 18/35 MP: 3/3
  1913 | D:3      | Found a blossoming altar of Fedhas.
  1931 | D:3      | Reached skill level 1 in Short Blades
  1931 | D:3      | Reached skill level 1 in Long Blades
  1931 | D:3      | Reached skill level 1 in Maces & Flails
  1931 | D:3      | Reached skill level 1 in Polearms
  1931 | D:3      | Reached skill level 1 in Staves
  1931 | D:3      | Reached skill level 1 in Slings
  1931 | D:3      | Reached skill level 1 in Bows
  1931 | D:3      | Reached skill level 1 in Crossbows
  1931 | D:3      | Reached skill level 1 in Throwing
  1931 | D:3      | Reached skill level 1 in Armour
  1931 | D:3      | Reached skill level 1 in Shields
  1931 | D:3      | Reached skill level 1 in Unarmed Combat
  1931 | D:3      | Reached skill level 1 in Spellcasting
  1931 | D:3      | Reached skill level 1 in Invocations
  1931 | D:3      | Reached skill level 1 in Evocations
  1959 | D:3      | Reached XP level 4. HP: 30/41 MP: 5/5
  2869 | D:4      | Noticed Edmund
  3061 | D:4      | Noticed a lemure
  3061 | D:4      | Noticed a lemure
  3089 | D:4      | Noticed Sigmund
  3432 | D:4      | Noticed Pikel
  3432 | D:4      | Noticed a lemure
  3432 | D:4      | Noticed a lemure
  3491 | D:5      | Entered Level 5 of the Dungeon
  3593 | D:5      | Noticed a necrophage
  3616 | D:5      | Reached **** piety under Jiyva
  3616 | D:5      | Gained mutation: Your mind is acute. (Int +2) [Jiyva's
                  | grace]
  3617 | D:5      | Reached skill level 1 in Conjurations
  3617 | D:5      | Reached skill level 1 in Hexes
  3617 | D:5      | Reached skill level 1 in Summonings
  3617 | D:5      | Reached skill level 1 in Necromancy
  3617 | D:5      | Reached skill level 1 in Translocations
  3617 | D:5      | Reached skill level 1 in Transmutations
  3617 | D:5      | Reached skill level 1 in Fire Magic
  3617 | D:5      | Reached skill level 1 in Ice Magic
  3617 | D:5      | Reached skill level 1 in Air Magic
  3617 | D:5      | Reached skill level 1 in Earth Magic
  3617 | D:5      | Reached skill level 1 in Poison Magic
  3617 | D:5      | Noticed a necrophage
  3628 | D:5      | Killed a necrophage
  3629 | D:5      | Reached XP level 5. HP: 16/47 MP: 5/7
  3632 | D:5      | HP: 2/43 [necrophage (3)]
  3649 | D:4      | HP: 1/43 [Edmund (4)]
  3649 | D:4      | Slain by Edmund

Illustrated notes

Levels and vault maps discovered:
D:1:      wheals_arrival_shading, layout_loops_ring,
          chequers_ecumenical_altar_island
D:2:      layout_loops_ring, serial_shops, nicolae_lakefront_shop,
          kennysheep_generic_room_13, uniq_natasha
D:3:      layout_basic, general_overflow_altar
D:4:      layout_loops_ring, minmay_temple_entry_glass, serial_shops,
          nicolae_inconvenience_store, minmay_shop_enchanted_jewellery,
          uniq_pikel, uniq_edmund, uniq_sigmund
D:5:      layout_basic, gammafunk_temple_overflow_forgotten, skrybe_limestone_x,
          minmay_misc_feat_roman, kennysheep_generic_room_16

Skill      XL: |  1  2  3  4 |
---------------+-------------+-----
Short Blades   | 1 |  1.5
Long Blades    | 1 |  1.5
Maces & Flails | 1 |  1.5
Polearms       | 1 |  1.5
Staves         | 1 |  1.5
Slings         | 1 |  1.5
Bows           | 1 |  1.5
Crossbows      | 1 |  1.5
Throwing       | 1 |  1.5
Armour         | 1 |  1.5
Shields        | 1 |  1.5
Unarmed Combat | 1 |  1.5
Spellcasting   | 1 |  1.5
Invocations    | 1 |  1.7
Evocations     | 1 |  1.5
Conjurations   | 1 |  1.2
Hexes          | 1 |  1.2
Summonings     | 1 |  1.2
Necromancy     | 1 |  1.2
Translocations | 1 |  1.2
Transmutations | 1 |  1.2
Fire Magic     | 1 |  1.2
Ice Magic      | 1 |  1.2
Air Magic      | 1 |  1.2
Earth Magic    | 1 |  1.2
Poison Magic   | 1 |  1.2
Fighting       | |  6.7
Axes           | |  6.7
Dodging        | |  6.7
Stealth        | |  4.4

Action                   |  1- 3 |  4- 6 || total
-------------------------+-------+-------++-------
Melee: Hand axe          |    93 |    61 ||   154
       Bite              |     7 |     8 ||    15
       Punch             |     1 |       ||     1
Throw: Boomerang         |       |     7 ||     7
Invok: Request Jelly     |       |     1 ||     1
 Stab: Sleeping          |     4 |       ||     4
Armor: Robe              |     3 |     8 ||    11
Dodge: Dodged            |    62 |    72 ||   134

Table legend: (Time is in decaauts)
 A = Elapsed time spent in this place.
 B = Non-inter-level travel time spent in this place.
 C = Inter-level travel time spent in this place.
 D = Time resting spent in this place.
 E = Time spent auto-exploring this place.
 F = Levels seen in this place.
 G = Mean time per level.
                   A        B        C        D        E       F      G
               +--------+--------+--------+--------+--------+-----+--------+
         Total |   3654 |   3415 |    239 |    519 |   2481 |   5 |  730.8 |
       Dungeon |   3654 |   3415 |    239 |    519 |   2481 |   5 |  730.8 |
               +--------+--------+--------+--------+--------+-----+--------+

Top non-repeatable levels by time:
     D:3: 1593 daAuts
     D:2: 902 daAuts
     D:1: 870 daAuts
     D:5: 156 daAuts
     D:4: 131 daAuts
